 Dungeon Crawl Stone Soup version 0.11.3 (webtiles) character file.

1614 Banto the Transmogrifier (level 8, -4/49 HPs)
             Began as a Sludge Elf Stalker on Aug 7, 2020.
             Slain by an orc warrior
             ... wielding a -1,+0 orcish trident
              (16 damage)
             ... on Level 7 of the Dungeon on Oct 6, 2020.
             The game lasted 00:14:09 (6445 turns).

Banto the Transmogrifier (Sludge Elf Stalker)       Turns: 6445, Time: 00:14:09

HP  -4/49        AC 10     Str 10      XL: 8   Next: 77%
MP  11/13        EV  8     Int 15      God:
Gold 136         SH  0     Dex 17      Spells:  4 memorised,  2 levels left

Res.Fire  : . . .   See Invis. : .   j - +1 whip (elec)
Res.Cold  : . . .   Warding    : +   h - +4 dwarf ring mail
Life Prot.: + . .   Conserve   : .   (no shield)
Res.Poison: .       Res.Corr.  : .   (no helmet)
Res.Elec. : .       Clarity    : .   c - +0 elf cloak (curse)
Sust.Abil.: . .     Spirit.Shd : .   (no gloves)
Res.Mut.  : .       Stasis     : .   (no boots)
Res.Rott. : .       Ctrl.Telep.: .   i - cursed amulet of warding
Saprovore : . . .   Levitation : .   (no ring) Ctrl.Flight: .
                                     (no ring)

@: somewhat resistant to hostile enchantments, quite stealthy
A: no striking features
a: no special abilities


You were on level 7 of the Dungeon.
You were hungry.

You visited 2 branches of the dungeon, and saw 8 of its levels.

You collected 156 gold pieces.
You spent 40 gold pieces at shops.

Inventory:

Hand weapons
 a - a +2,+2 elven dagger {=f}
 j - a +1,+1 whip of electrocution (weapon)
Armour
 c - a cursed +0 elven cloak (worn)
 h - a +4 dwarven ring mail (worn)
Magical devices
 m - a wand of magic darts (7)
Comestibles
 f - 4 bread rations
 k - 2 meat rations
Scrolls
 b - a scroll of silence {unknown}
 l - 3 scrolls of remove curse
 t - a scroll of enchant weapon I
 z - a scroll of teleportation
Jewellery
 i - a cursed amulet of warding (around neck)
Potions
 e - 10 potions of confusion
 g - 3 potions of poison
 n - a potion of cure mutation
 o - a potion of agility
 p - a potion of restore abilities
 v - 3 potions of heal wounds
 w - 4 potions of curing
 x - a potion of brilliance {unknown}
 A - 2 potions of might {unknown}
Books
 d - a book of Stalking

   Spells                             Type                      Level
   *Fulsome Distillation              Transmutation/Necromancy     1
   *Evaporate                         Fire/Transmutation           2
   *Passwall                          Transmutation/Earth          3
   Petrify                            Transmutation/Earth          4
   Dig                                Transmutation/Earth          4


   Skills:
 - Level 1.1 Fighting
 - Level 0.8 Short Blades
 - Level 2.4 Dodging
 + Level 7.4 Stealth
 + Level 3.3 Stabbing
 - Level 1.2 Spellcasting
 + Level 2.7 Necromancy
 - Level 9.7 Transmutations


You had 2 spell levels left.
You knew the following spells:

 Your Spells              Type           Power        Failure   Level  Hunger
a - Fulsome Distillation  Trmt/Necr      N/A          10%         1    ##.....
b - Evaporate             Fire/Trmt      ####...      24%         2    ###....
c - Passwall              Trmt/Erth      ####......   50%         3    ####...
d - Animate Skeleton      Necr           N/A          38%         1    ##.....


Dungeon Overview and Level Annotations

Branches:
Dungeon (7/27)             Temple (1/1) D:5
    Orc: D:6-11

Altars:
Ashenzari
Elyvilon
Fedhas
Kikubaaqudgha
Nemelex Xobeh
Okawaru
Trog
Yredelemnul
Zin
the Shining One

Shops:
D:4: ? D:5: /


Message History

You barely miss the orc warrior.
The orc warrior is severely wounded.
The orc hits you but does no damage.
The orc hits you from afar with an orcish trident.
The orc warrior hits the orc with an orcish trident.
You hit the orc warrior but do no damage.
The orc warrior is severely wounded.
The orc barely misses you. The orc closely misses you.
The orc warrior hits the orc with an orcish trident!
The orc is killed!
You completely miss the orc warrior.
The orc warrior is severely wounded.
The orc hits you from afar with an orcish trident.
* * * LOW HITPOINT WARNING * * *
You catch the helpless orc warrior completely off-guard!
You hit the orc warrior.
The orc warrior is severely wounded.
The orc closely misses you.
The orc warrior hits you with an orcish trident!
You die...

#.........#
#.........#
##o######## #o#
#o# #o# #o#
#[###############
#.@..)..........#
#o#############.#
#.#.......# #.#
###.#####.# #.###
#.#####.#####....
#................
#................
#................
#......(.........


You could see an orc warrior (confused) and 5 orcs.

Vanquished Creatures
  Pikel (D:4)
  A hippogriff (D:7)
  Edmund (D:4)
  Menkaure (D:6)
  An orc warrior (D:6)
  A slave (D:5)
  A wolf (shapeshifter) (D:2)
  2 iguanas (D:4)
  Crazy Yiuf (D:2)
  A hound (D:5)
  2 orc priests (D:7)
  A worker ant (D:4)
  3 orc wizards
  Ijyb (D:2)
  4 adders
  3 gnolls
  An adder zombie (D:6)
  An inept feature mimic (D:4)
  An iguana skeleton (D:5)
  A worm (D:4)
  A bat skeleton (D:4)
  4 giant geckos
  An ooze (D:2)
  15 orcs
  6 ball pythons
  9 giant cockroaches
  10 goblins
  11 hobgoblins
  6 jackals
  2 quokkas (D:4)
  9 bats
  5 giant newts
  9 kobolds
  2 quokka zombies
  16 rats
135 creatures vanquished.

Vanquished Creatures (collateral kills)
  An orc (D:4)
  A hobgoblin (D:4)
2 creatures vanquished.

Vanquished Creatures (others)
  A jackal (D:5)
  2 hobgoblin skeletons (D:4)
  A kobold (D:2)
  A kobold skeleton (D:4)
  An orc skeleton (D:4)
  A fungus (D:2)
  6 toadstools
13 creatures vanquished.

Grand Total: 150 creatures vanquished

Notes
Turn   | Place    | Note
--------------------------------------------------------------
     0 | D:1      | Banto, the Sludge Elf Stalker, began the quest for the Orb.
     0 | D:1      | Reached XP level 1. HP: 13/13 MP: 1/1
   173 | D:1      | Reached skill level 3 in Transmutations
   246 | D:1      | Reached XP level 2. HP: 6/18 MP: 3/3
   444 | D:1      | Learned a level 2 spell: Evaporate
   802 | D:1      | Found a shattered altar of Ashenzari.
   810 | D:1      | Got an antique book
  1069 | D:2      | Reached XP level 3. HP: 16/23 MP: 4/4
  1262 | D:2      | Reached skill level 4 in Transmutations
  1874 | D:2      | Noticed Crazy Yiuf
  1911 | D:2      | Killed Crazy Yiuf
  1911 | D:2      | Reached skill level 5 in Transmutations
  1911 | D:2      | Reached XP level 4. HP: 4/28 MP: 6/6
  2082 | D:2      | Noticed Ijyb
  2093 | D:2      | Killed Ijyb
  2352 | D:2      | Noticed a wolf
  2352 | D:2      | a worm changed into a wolf
  2353 | D:2      | Killed a wolf
  2353 | D:2      | Reached skill level 6 in Transmutations
  2353 | D:2      | Reached XP level 5. HP: 24/33 MP: 8/8
  2930 | D:3      | Found a sparkling altar of Nemelex Xobeh.
  2996 | D:3      | Found a shattered altar of Ashenzari.
  3043 | D:3      | Reached XP level 6. HP: 38/38 MP: 9/9
  3554 | D:4      | Found Nosiykhi's Magic Scroll Boutique.
  3562 | D:4      | Bought a scroll of identify for 20 gold pieces
  3562 | D:4      | Bought a scroll of identify for 20 gold pieces
  3581 | D:4      | Reached skill level 7 in Transmutations
  3746 | D:4      | Identified Ashenzari's Volume of Rapid Deboning (You found it on level 1 of the Dungeon)
  3750 | D:4      | Learned a level 3 spell: Passwall
  3752 | D:4      | Learned a level 1 spell: Animate Skeleton
  3760 | D:4      | Found a staircase to the Ecumenical Temple.
  3777 | D:4      | the staircase to the Ecumenical Temple was a mimic.
  3798 | D:4      | Reached skill level 5 in Stealth
  4034 | D:4      | Noticed Edmund
  4043 | D:4      | Killed Edmund
  4043 | D:4      | Reached XP level 7. HP: 13/43 MP: 11/11
  4370 | D:4      | Reached skill level 8 in Transmutations
  4589 | D:5      | Entered Level 5 of the Dungeon
  5079 | D:5      | Noticed Pikel
  5114 | D:4      | Killed Pikel
  5114 | D:4      | Reached skill level 9 in Transmutations
  5114 | D:4      | Reached XP level 8. HP: 14/49 MP: 13/13
  5309 | D:5      | Your ally freed slave died
  5360 | D:5      | Found Luuthr Soixt's Magical Wand Shoppe.
  5365 | D:5      | Found a staircase to the Ecumenical Temple.
  5408 | Temple   | Entered the Ecumenical Temple
  5837 | D:5      | Found a white marble altar of Elyvilon.
  5893 | D:6      | Noticed Menkaure
  5897 | D:6      | Killed Menkaure
  5897 | D:6      | Reached skill level 1 in Necromancy
  6445 | D:7      | Slain by an orc warrior
